 Dungeon Crawl Stone Soup version 0.30-a0-711-gf4ac18a38d (webtiles) character file.

Game seed: 16283758937719973178

368 wormed the Firebug (level 6, -2/46 HPs)
             Began as a Demonspawn Fire Elementalist on Jan 22, 2023.
             Shot with an arrow by a centaur (11 damage)
             ... on level 4 of the Dungeon.
             The game lasted 00:04:25 (4160 turns).

wormed the Firebug (Demonspawn Fire Elementalist)   Turns: 4160, Time: 00:04:25

Health: -2/46      AC:  3    Str:  8    XL:     6   Next: 41%
Magic:  8/10       EV: 13    Int: 20    God:
Gold:   155        SH:  4    Dex: 14    Spells: 5/11 levels left

rFire   + + .      SeeInvis .    c - +0 quarterstaff
rCold   x x .      Faith    .    (shield currently unavailable)
rNeg    . . .      Spirit   .    a - +0 robe
rPois   .          Reflect  .    j - +0 helmet
rElec   .          Harm     .    (no cloak)
rCorr   .          Rampage  .    (no gloves)
Will    .....                    (no boots)
Stlth   ++                       (no amulet)
HPRegen 0.27/turn                e - ring of fire
MPRegen 0.12/turn                l - ring of fire

@: no status effects
A: big brain 1, condensation shield
a: no special abilities


You were on level 4 of the Dungeon.
You visited 1 branch of the dungeon, and saw 4 of its levels.

You collected 155 gold pieces.

Inventory:

Hand Weapons
 c - a +0 quarterstaff (weapon)
Armour
 a - a +0 robe (worn)
 j - a +0 helmet (worn)
Jewellery
 d - a ring of positive energy
 e - a ring of fire (left hand)
 g - a ring of wizardry
 l - a ring of fire (right hand)
Scrolls
 b - a scroll of brand weapon {unknown}
 i - a scroll of noise {unknown}
 k - a scroll of blinking {unknown}
 n - 2 scrolls of identify {unknown}
 o - 3 scrolls of teleportation {unknown}
Potions
 f - a potion of heal wounds {unknown}
 h - 2 potions of curing {unknown}
 m - 3 potions of might {unknown}
 p - a potion of flight {unknown}
 q - a potion of brilliance {unknown}


   Skills:
 + Level 2.4 Fighting
 + Level 3.0 Dodging
 + Level 3.1 Stealth
 + Level 3.0 Spellcasting
 + Level 2.8 Conjurations
 + Level 3.5 Fire Magic


You had 5 spell levels left.
You knew the following spells:

 Your Spells              Type           Power      Damage    Failure   Level
a - Foxfire               Conj/Fire      100%       2x1d9     3%          1
b - Scorch                Fire           78%        2d8       4%          2
c - Inner Flame           Hex/Fire       22%        N/A       21%         3

Your spell library contained the following spells:

 Spells                   Type           Power      Damage    Failure   Level
 Sandblast                Erth           6%         2d5       14%         1
 Passwall                 Tmut/Erth      2%         N/A       22%         2
 Stone Arrow              Conj/Erth      16%        3d8       24%         3
 Kindle Blastsparks       Fire/Tloc/Air  34%        2d12      26%         3
 Flame Wave               Conj/Fire      35%        2d10      36%         4
 Gell's Gravitas          Tloc           3%         N/A       38%         3
 Teleport Other           Tloc           3%         N/A       38%         3
 Dispersal                Tloc           1%         N/A       100%        6


Dungeon Overview and Level Annotations

Branches:
Dungeon (4/15)
 Temple: D:4-7

Altars:

Shops:
D:1 (


Innate Abilities, Weirdness & Mutations

You have an unusually large brain. (Int +2)
A meltable shield of frost defends you. (SH +4)


Message History

The adder is heavily wounded.
The adder closely misses you. You block the adder's attack.
Casting: Foxfire (safe; 3% risk of failure)
Confirm with . or Enter, or press ? or * to list all spells.
You feel a strong surge of power!
You conjure some foxfire!
The adder misses you.
You hit the adder but do no damage.
The adder is heavily wounded.
The foxfire hits the adder.
The adder is severely wounded.
The foxfire hits the adder!
You kill the adder!
o - 3 scrolls labelled PUS BAOSINLECH (gained 1)
Found a mace.
You see here a +0 mace.
Found a stone staircase leading up.
Found a stone staircase leading up.
q - a fizzy clear potion You now have 155 gold pieces (gained 10).
A centaur comes into view.
Found a runed flail.
A centaur is nearby!
A centaur is nearby!
A centaur is nearby!
Casting: Foxfire (safe; 3% risk of failure)
Confirm with . or Enter, or press ? or * to list all spells.
Aiming: Inner Flame (dangerous; 21% risk of failure)
Press: ? - help, Dir - move target, f - centaur
Aim: a centaur (asleep, chance to affect: 78%)
You feel a strong surge of power!
The centaur barely resists.
The centaur wields a +0 shortbow.
The centaur shoots an arrow.
The arrow hits you!
The centaur shoots an arrow.
The arrow hits you!
The centaur shoots an arrow.
The arrow hits you!
* * * LOW HITPOINT WARNING * * *
The centaur shoots an arrow.
The arrow hits you.
* * * LOW HITPOINT WARNING * * *
There is a stone staircase leading up, spattered with blood here.
The centaur shoots an arrow.
The arrow hits you!
You die...

.......######
...........c..#
.........####.####
....<..........c.#
..............##.#
.........###..##.#######
.........# #............
.........####.##.###....
................@.....##
###.##.†#####....###..# #
#..................... #
####..#####.....#######.#
######.............. ..##.#
....).....†.#.....####.##.#
###.##...#..##...## #.##.#
# #.##..###.###.## #.##.#
###.##...#......# #.##.#


You could see a centaur.

Vanquished Creatures
  An ogre (D:4)
  A scorpion (D:4)
  A hound (D:3)
  Terence (D:3)
  Jessica (D:2)
  8 adders
  2 worms (D:2)
  2 dart slugs
  2 bats
  4 endoplasms
  5 giant cockroaches
  6 goblins
  7 hobgoblins
  4 quokkas
  5 ball pythons
  3 frilled lizards
  7 kobolds
  8 rats
68 creatures vanquished.

Vanquished Creatures (others)
  53 foxfires
53 creatures vanquished.

Grand Total: 121 creatures vanquished

Notes
Turn   | Place    | Note
-------+----------+-------------------------------------------
     0 | D:1      | wormed the Demonspawn Fire Elementalist began the quest for
                  | the Orb.
     0 | D:1      | Reached XP level 1. HP: 13/13 MP: 3/3
   384 | D:1      | Gained mutation: A meltable shield of frost defends you.
                  | (SH +4) [demonic ancestry]
   384 | D:1      | Reached XP level 2. HP: 20/20 MP: 3/5
   459 | D:1      | Found Zupouka's Antique Weapon Emporium.
   869 | D:1      | Reached skill level 1 in Fighting
  1203 | D:1      | Learned a level 2 spell: Scorch
  1214 | D:2      | Reached XP level 3. HP: 26/26 MP: 6/6
  1446 | D:2      | Noticed Jessica
  1447 | D:2      | Found a faded altar of an unknown god.
  1452 | D:2      | Killed Jessica
  1453 | D:2      | Reached XP level 4. HP: 32/32 MP: 2/7
  2527 | D:3      | Reached XP level 5. HP: 38/38 MP: 5/8
  2758 | D:3      | Noticed Terence
  2761 | D:3      | Killed Terence
  3690 | D:4      | Learned a level 3 spell: Inner Flame
  3979 | D:4      | Noticed an ogre
  3984 | D:4      | Killed an ogre
  3985 | D:4      | Gained mutation: You have an unusually large brain. (Int
                  | +2) [demonic ancestry]
  3985 | D:4      | Reached XP level 6. HP: 46/46 MP: 2/10
  4160 | D:4      | Shot with an arrow by a centaur

Illustrated notes

Levels and vault maps discovered:
D:1:      lightli_arrival_noodles, layout_loops_corners, serial_shops, shop,
          serial_bayou_lagoon_a, serial_bayou_pond_d, minmay_door_square
D:2:      layout_basic, ebering_ecumenical_altar_abandoned, nicolae_wormholes,
          uniq_jessica
D:3:      layout_basic, minmay_box_of_dots, uniq_terence
D:4:      layout_loops_ring

Skill      XL: |  1  2  3  4  5  6 |
---------------+-------------------+-----
Dodging        | 2 3 |  3.0
Stealth        | 2 3 |  3.1
Fighting       | 1 2 |  2.4
Fire Magic     | 3 |  3.5
Conjurations   | 2 |  2.8
Spellcasting   | 3 |  3.0

Action                     |  1- 3 |  4- 6 || total
---------------------------+-------+-------++-------
  Melee: Quarterstaff      |    50 |    11 ||    61
         Unarmed           |     2 |       ||     2
   Cast: Foxfire           |    26 |     6 ||    32
         Scorch            |    10 |    45 ||    55
         Inner Flame       |       |     2 ||     2
    Use: Scroll            |     3 |       ||     3
         Potion            |       |     1 ||     1
   Stab: Sleeping          |     1 |       ||     1
 Armour: Robe              |     8 |     3 ||    11
  Dodge: Dodged            |    35 |    15 ||    50
  Block: Other             |     9 |     5 ||    14

Table legend: (Time is in decaauts)
 A = Elapsed time spent in this place.
 B = Non-inter-level travel time spent in this place.
 C = Inter-level travel time spent in this place.
 D = Time resting spent in this place.
 E = Time spent auto-exploring this place.
 F = Levels seen in this place.
 G = Mean time per level.
                   A        B        C        D        E       F      G
               +--------+--------+--------+--------+--------+-----+--------+
         Total |   4181 |   4154 |     27 |      0 |   3644 |   4 | 1045.2 |
       Dungeon |   4181 |   4154 |     27 |      0 |   3644 |   4 | 1045.2 |
               +--------+--------+--------+--------+--------+-----+--------+

Top non-repeatable levels by time:
     D:3: 1452 daAuts
     D:1: 1222 daAuts
     D:2: 983 daAuts
     D:4: 524 daAuts
